 Dungeon Crawl Stone Soup version bcrawl-1.27.3 (webtiles) character file.

Game seed: 1252099034177750682

309427 esc the Fighter (level 10, -1/97 HPs)
             Began as a Hill Orc Archaeologist on Oct 15, 2020.
             Was a Follower of Okawaru.
             Slain by a basilisk (4 damage)
             ... while petrified by a basilisk
             ... on level 7 of the Dungeon.
             The game lasted 00:13:06 (7112 turns).

esc the Fighter (Hill Orc Archaeologist)            Turns: 7112, Time: 00:13:06

Health: -1/97      AC: 11    Str: 18    XL:     10   Next: 20%
Magic:  12/12      EV:  2    Int: 19    God:    Okawaru [*.....]
Gold:   501        SH:  0    Dex:  9    Spells: 9/9 levels left

rFire    . . .     SeeInvis .   C - +3 flail (protect)
rCold    + + +     Gourm    .   f - +0 buckler
rNeg     + + +     Faith    .   h - +4 skin of Zhor {+Rage rC+++ Slay+4}
rPois    ∞         Spirit   .   c - +1 hat
rElec    .         Reflect  +   b - +0 cloak
rCorr    .         Harm     .   (no gloves)
MR       .....                  d - +1 pair of boots
Stlth    ..........             y - +3 amulet of reflection
HPRegen  0.26/turn              q - ring of attention (curse)
MPRegen  0.13/turn              F - +5 ring of intelligence

@: petrified
A: no striking features
a: Heroism, Renounce Religion, Evoke Berserk Rage


You were on level 7 of the Dungeon.
You worshipped Okawaru.
Okawaru was aware of your devotion.
You were not hungry.

You visited 2 branches of the dungeon, and saw 8 of its levels.

You collected 501 gold pieces.

Inventory:

Hand Weapons
 C - a +3 flail of protection (weapon)
Armour
 b - a +0 cloak (worn)
 c - a +1 hat (worn)
 d - a +1 pair of boots (worn)
 f - a +0 buckler (worn)
 h - the +4 skin of Zhor (worn) {+Rage rC+++ Slay+4}
   (You found it on level 5 of the Dungeon)

   It affects your accuracy and damage with ranged weapons and melee attacks
   (+4).
   It renders you almost immune to cold.
   It lets you go berserk.
 A - a +0 plate armour
Jewellery
 q - a cursed ring of attention (left hand)
 y - a +3 amulet of reflection (around neck)
 F - a +5 ring of intelligence (right hand)
Wands
 j - a wand of flame (20)
 x - a wand of enslavement (5)
Scrolls
 g - 3 scrolls of magic mapping
 k - 2 scrolls of teleportation
 p - a scroll of immolation
 r - 2 scrolls of amnesia
 v - 2 scrolls of fear {unknown}
Potions
 i - a potion of degeneration
 l - 2 potions of lignification
 m - 2 potions of might
 n - 2 potions of mutation {unknown}
 o - 2 potions of haste
 s - a potion of invisibility
 u - 3 potions of curing
 w - a potion of resistance {unknown}
 z - a potion of flight {unknown}
 B - a potion of cancellation {unknown}
 E - 3 potions of agility {unknown}
Comestibles
 a - 19 chunks of flesh
 e - 8 rations {!d}


   Skills:
 + Level 12.0 Fighting
   Level 12.0 Short Blades
   Level 12.0 Long Blades
   Level 12.0 Axes
   Level 12.0 Maces & Flails
   Level 12.0 Polearms
   Level 12.0 Staves
 + Level 8.9 Armour
 - Level 2.4 Dodging
 - Level 2.6 Stealth
 + Level 3.1 Shields
   Level 12.0 Unarmed Combat
 + Level 3.6 Invocations


You had 9 spell levels left.
You didn't know any spells.
Your spell library was empty.

Dungeon Overview and Level Annotations

Branches:
Dungeon (7/12)             Temple (1/1) D:6            Lair (0/6) D:7

Altars:
Ashenzari
Cheibriados
Dithmenos
Elyvilon
Fedhas
Gozag
Hepliaklqana
Kikubaaqudgha
Lugonu
Makhleb
Nemelex Xobeh
Okawaru
Qazlal
Ru
Sif Muna
Trog
Uskayaw
Vehumet
Wu Jian
Xom
Zin
The Shining One


Message History

The crocodile bites you but does no damage.
The basilisk gazes at you. The hound barely misses you.
The crocodile bites you!
* * * LOW HITPOINT WARNING * * *
The hound bites you. The basilisk gazes at you. You resist with some effort.
The hound bites you but does no damage. The crocodile bites you!
* * * LOW HITPOINT WARNING * * *
The basilisk gazes at you. The hound bites you.
* * * LOW HITPOINT WARNING * * *
The crocodile bites you!
* * * LOW HITPOINT WARNING * * *
The hound barely misses you. The basilisk gazes at you.
The hound bites you but does no damage.
The crocodile bites you but does no damage.
The basilisk bites you!
You die...

...............)...########
...#............).........#
..............#)..........#
..............#...........#
.(#...........#÷..........#
..#...........#...........#
..............#...........#
#.#............t..........#
###.#.##..#....h@.........#
..........###..l###.....###
.....###.###.....########
...... ...#..P....# .....
.##.......# .....
#......... ............
......>......
.....h....^...


You could see a basilisk, a crocodile and a hound.

Vanquished Creatures
  2 hippogriffs
  A meliai zombie (D:5)
  A yak (D:7)
  Eustachio (D:4)
  Edmund (D:5)
  2 orc warriors
  2 sky beasts
  A necrophage (D:7)
  3 phantoms
  5 ogres
  2 centaurs (D:5)
  A big kobold (D:6)
  3 bullfrogs
  A water moccasin zombie (D:7)
  A howler monkey (D:6)
  4 crimson imps
  A bullfrog zombie (D:3)
  5 hounds
  3 bullfrog skeletons
  4 orc priests
  A jelly (D:5)
  2 iguanas
  Terence (D:2)
  5 orc wizards
  10 worker ants
  Robin (D:2)
  A gnoll (D:5)
  6 adders
  A howler monkey skeleton (D:4)
  2 adder skeletons
  4 worms
  4 dart slugs
  7 leopard geckos
  31 orcs
  3 bats (D:1)
  5 giant cockroaches
  16 goblins
  10 hobgoblins
  17 jackals
  29 kobolds
  3 quokkas
  2 ball pythons
  A frilled lizard (D:2)
  A jackal skeleton (D:5)
  A quokka skeleton (D:5)
  5 rats
213 creatures vanquished.

Vanquished Creatures (others)
  A fungus (D:7)
  2 plants
3 creatures vanquished.

Grand Total: 216 creatures vanquished

Notes
Turn   | Place    | Note
-------+----------+-------------------------------------------
     0 | D:1      | esc the Hill Orc Archaeologist began the quest for the Orb.
     0 | D:1      | Reached XP level 1. HP: 16/16 MP: 1/1
    70 | D:1      | Reached skill level 2 in Fighting
   304 | D:1      | Reached XP level 2. HP: 24/24 MP: 2/2
   515 | D:1      | Reached XP level 3. HP: 18/30 MP: 3/3
   721 | D:1      | Reached skill level 3 in Fighting
  1166 | D:2      | Noticed Robin
  1179 | D:2      | Killed Robin
  1179 | D:2      | Reached XP level 4. HP: 6/38 MP: 4/4
  1186 | D:2      | Noticed Terence
  1473 | D:2      | Killed Terence
  1473 | D:2      | Reached skill level 4 in Fighting
  1473 | D:2      | Reached XP level 5. HP: 32/46 MP: 5/5
  1473 | D:2      | Identified a scroll of acquirement
  1474 | D:2      | Identified the +8 rapier "Yxko" {flame, rElec rC+ rN+} (You
                  | acquired it on level 2 of the Dungeon)
  1474 | D:2      | Identified the amulet "Kiosug" {Faith rElec rC+ Str-2} (You
                  | acquired it on level 2 of the Dungeon)
  1933 | D:3      | Noticed a phantom
  2393 | D:3      | Reached skill level 5 in Fighting
  2470 | D:3      | Killed a phantom
  2470 | D:3      | Reached skill level 6 in Fighting
  2470 | D:3      | Reached XP level 6. HP: 27/57 MP: 6/6
  2552 | D:3      | Found a burning altar of Makhleb.
  2853 | D:3      | Reached skill level 7 in Fighting
  3020 | D:3      | Reached XP level 7. HP: 34/67 MP: 7/7
  3050 | D:3      | Reached skill level 8 in Fighting
  3405 | D:4      | Noticed Eustachio
  3419 | D:4      | Killed Eustachio
  3710 | D:4      | Reached skill level 9 in Fighting
  3710 | D:4      | Reached XP level 8. HP: 37/78 MP: 8/8
  4421 | D:5      | Entered Level 5 of the Dungeon
  4570 | D:5      | Noticed Edmund
  4572 | D:5      | Killed Edmund
  4572 | D:5      | Reached skill level 10 in Fighting
  4572 | D:5      | Reached skill level 5 in Armour
  4762 | D:5      | Found the +4 skin of Zhor {+Rage rC+++ Slay+4}
  4807 | D:5      | Reached XP level 9. HP: 67/86 MP: 9/9
  4866 | D:5      | Reached skill level 11 in Fighting
  5731 | D:6      | Found a staircase to the Ecumenical Temple.
  5738 | Temple   | Entered the Ecumenical Temple
  6051 | Temple   | Became a worshipper of Warmaster Okawaru
  6176 | D:6      | Reached skill level 1 in Shields
  6183 | D:6      | Reached skill level 1 in Invocations
  6926 | D:7      | Reached XP level 10. HP: 97/97 MP: 11/11
  7038 | D:7      | Reached * piety under Okawaru
  7073 | D:7      | Found a staircase to the Lair.
  7089 | D:7      | Reached skill level 12 in Fighting
  7110 | D:7      | HP: 3/97 [crocodile (7)]
  7112 | D:7      | Slain by a basilisk

Skill      XL: |  1  2  3  4  5  6  7  8  9 10 |
---------------+-------------------------------+-----
Fighting       | 2 3 4 6 7 9 10 11 12 | 12.0
Armour         | 3 6 8 |  8.9
Shields        | 2 3 |  3.1
Invocations    | 2 3 |  3.6
Short Blades   | | 12.0
Long Blades    | | 12.0
Axes           | | 12.0
Maces & Flails | | 12.0
Polearms       | | 12.0
Staves         | | 12.0
Dodging        | |  2.4
Stealth        | |  2.6
Unarmed Combat | | 12.0

Action                   |  1- 3 |  4- 6 |  7- 9 | 10-12 || total
-------------------------+-------+-------+-------+-------++-------
Melee: Whip              |   162 |       |       |       ||   162
       Punch             |     2 |     6 |     6 |       ||    14
       Dagger            |    14 |   236 |   125 |       ||   375
       Flail             |       |       |   255 |    58 ||   313
  Use: Scroll            |     2 |     3 |     6 |       ||    11
       Potion            |       |     2 |       |       ||     2
 Stab: Sleeping          |     2 |     1 |     5 |       ||     8
  Eat: Chunk             |     3 |     9 |    16 |       ||    28
       Ration            |     1 |       |     2 |       ||     3
Armor: Robe              |    71 |    57 |     1 |       ||   129
       Leather armour    |       |       |    35 |       ||    35
       Animal skin       |       |       |    66 |    55 ||   121
Dodge: Dodged            |   118 |   108 |   138 |    31 ||   395
Block: Other             |       |       |    15 |       ||    15
       Reflection        |       |       |     2 |       ||     2
       Buckler           |       |       |    19 |    23 ||    42
